 Dungeon Crawl Stone Soup version 0.31.0-11-ge490571c62 (webtiles) character file.

Game seed: 15747607744006088199

125 Gadfly the Insei (level 4, -3/35 HPs)
             Began as a Demonspawn Monk on Feb 5, 2024.
             Slain by an ogre
             ... wielding a +0 giant club
              (16 damage)
             ... on level 4 of the Dungeon.
             The game lasted 00:03:39 (3026 turns).

Gadfly the Insei (Demonspawn Monk)                  Turns: 3026, Time: 00:03:39

Health: -3/35      AC:  2    Str: 13    XL:     4   Next: 82%
Magic:  4/4        EV: 18    Int: 10    God:
Gold:   163        SH:  0    Dex: 16    Spells: 3/3 levels left

rFire   . . .        b - +0 dagger (drain)
rCold   . . .        c - orb {light}
rNeg    + . .        a - +0 robe
rPois   .            (no helmet)
rElec   .            (no cloak)
rCorr   .            (no gloves)
SInv    .            (no boots)
Will    .....        (no amulet)
Stlth   +            i - ring of positive energy
HPRegen 0.25/turn    (no ring)
MPRegen 0.09/turn

%: no passive effects
@: agile, glowing
A: powered by pain 1, weakness stinger 2
a: no special abilities


You were on level 4 of the Dungeon.
You visited 1 branch of the dungeon, and saw 4 of its levels.

You collected 163 gold pieces.

Inventory:

Hand Weapons
 b - a +0 dagger of draining (weapon)
Armour
 a - a +0 robe (worn)
 c - an orb of light (worn)
Jewellery
 i - a ring of positive energy (left hand)
 j - a ring of magical power
Scrolls
 d - a scroll of identify
 e - a scroll of immolation
 f - a scroll of teleportation
 g - a scroll of blinking
 h - 2 scrolls of silence


   Skills:
 - Level 3.0 Fighting
 + Level 3.2 Dodging
 * Level 3.4 Unarmed Combat
 * Level 2.2 Evocations
 * Level 1.8 Shapeshifting


You had 3 spell levels left.
You didn't know any spells.
Your spell library contained the following spells:

 Spells                   Type           Power      Damage    Failure   Level
 Necrotise                Necr           0%         1d4       36%         1
 Vampiric Draining        Necr           0%         2d6       75%         3
 Martyr's Knell           Necr/Summ      0%         N/A       98%         4
 Curse of Agony           Necr           0%         N/A       100%        5


Dungeon Overview and Level Annotations

Branches:
Dungeon (4/15)
 Temple: D:4-7

Altars:


Innate Abilities, Weirdness & Mutations

You sometimes gain a little power by taking damage.
You have a tail ending in a sharp stinger.


Message History

Done exploring.
Done exploring.
Done exploring.
You see here a +0 scale mail.
You see here a scroll of amnesia.
There is a stone staircase leading down here.
You climb downwards.
The ogre shouts!
Found a scroll of teleportation.
Found an escape hatch in the ceiling.
There is a stone staircase leading up here.
An ogre is nearby!
An ogre is nearby!
You hit the ogre but do no damage. You drain the ogre.
The ogre is lightly wounded.
The ogre hits you with a +0 giant club!!
Ouch! That really hurt!
You focus on the pain.
You feel agile all of a sudden.
You are too injured to fight recklessly!
You are too injured to fight recklessly!
You are too injured to fight recklessly!
You are too injured to fight recklessly!
You are too injured to fight recklessly!
You are too injured to fight recklessly!
You are too injured to fight recklessly!
You are too injured to fight recklessly!
You are too injured to fight recklessly!
You are too injured to fight recklessly!
You are too injured to fight recklessly!
You are too injured to fight recklessly!
You hit the ogre.
The ogre is moderately wounded.
You hit the ogre. You tail-slap the ogre.
The ogre is heavily wounded.
The ogre misses you.
You aren't carrying any potions.
You hit the ogre but do no damage. You drain the ogre. You tail-slap the ogre.
The ogre is heavily wounded.
The ogre hits you with a +0 giant club!
You die...

. #. .?
###### .#
#..O.#.#.#..
+...@.......
#######....<
... .


You could see an ogre (very drained).

Vanquished Creatures
  Jessica (D:2)
  3 adders (D:2)
  An orc (D:3)
  9 endoplasms
  3 giant cockroaches
  9 goblins
  7 hobgoblins
  7 kobolds
  2 quokkas (D:1)
  8 ball pythons
  5 bats
  5 frilled lizards
  7 rats
67 creatures vanquished.

Notes
Turn   | Place    | Note
-------+----------+-------------------------------------------
     0 | D:1      | Gadfly the Demonspawn Monk began the quest for the Orb.
     0 | D:1      | Reached XP level 1. HP: 18/18 MP: 1/1
   134 | D:1      | Gained mutation: You have a small tail. [demonic ancestry]
   134 | D:1      | Reached XP level 2. HP: 22/24 MP: 2/2
   317 | D:1      | Reached skill level 1 in Evocations
   410 | D:1      | Reached skill level 1 in Shapeshifting
   813 | D:1      | Found a faded altar of an unknown god.
   886 | D:2      | Gained mutation: You have a tail ending in a sharp stinger.
                  | [demonic ancestry]
   886 | D:2      | Reached XP level 3. HP: 28/29 MP: 3/3
  1522 | D:2      | Gained mutation: You sometimes gain a little power by
                  | taking damage. [demonic ancestry]
  1522 | D:2      | Reached XP level 4. HP: 21/35 MP: 4/4
  1988 | D:2      | Noticed Jessica
  1997 | D:2      | Killed Jessica
  3022 | D:4      | Noticed an ogre
  3026 | D:4      | Slain by an ogre

Illustrated notes

Levels and vault maps discovered:
D:1:      minmay_arrival_stair_chambers, layout_loops_ring,
          shapermc_ecumenical_altar_mp_vishouse, amcnicky_mini_pool_small
D:2:      layout_basic, uniq_jessica
D:3:      layout_loops_cross, minmay_ruptured
D:4:      layout_basic, nicolae_tso_besieged_by_evil,
          grunt_temple_overflow_open, kennysheep_little_box,
          nicolae_grassy_gnolls, uniq_menkaure

Skill      XL: |  1  2  3  4 |
---------------+-------------+-----
Evocations     | 1 2 |  2.2
Shapeshifting  | 1 |  1.8
Unarmed Combat | 3 |  3.4
Dodging        | 3 |  3.2
Fighting       | |  3.0

Action                     |  1- 3 |  4- 6 || total
---------------------------+-------+-------++-------
  Melee: Unarmed           |   119 |       ||   119
         Tailslap          |     9 |     9 ||    18
         Dagger            |    13 |    53 ||    66
    Use: Scroll            |     4 |     3 ||     7
         Potion            |     1 |       ||     1
 Armour: Robe              |    47 |    20 ||    67
  Dodge: Dodged            |    84 |    26 ||   110
